Map: Darkness Sanctuary LE

Players

lIIllllIIlll (INnoVation) - Winner!

  • Race: Terran Terran
  • League: Master
  • Spawn Location: 11:00

Bunny

  • Race: Terran Terran
  • League: Diamond
  • Spawn Location: 5:00

Event: HomeStory Cup XVII

VOD

Have the link to the VOD?

Description

Time

  • Played on: July 1, 2018, 7:40 a.m.
  • Length: 14:46

All games in this series

Show
View Real Time Build Order
Export as new Build Order

lIIllllIIlll Terran - Winner!

Build Orders: Cyclone Opening, Bio Tank 

Get SALT Encoding   

  12  0:00  SCV  
  13  0:13  SCV  
  14  0:17  Supply Depot  
  14  0:25  SCV  
  14  0:27  Refinery  
  15  0:39  SCV  
  16  0:46  Barracks  
  16  0:51  SCV  
  16  0:54  Refinery  
  17  1:03  SCV  
  18  1:15  SCV  
  19  1:33  Orbital Command  
  19  1:34  Factory  
  19  1:36  Reaper  
  20  1:45  Supply Depot  
  20  1:58  SCV  
  21  2:09  Reaper  
  21  2:10  SCV  
  23  2:17  Hellion  
  25  2:23  SCV  
  25  2:29  Command Center  
  26  2:35  SCV  
  26  2:41  Cyclone  
  26  2:42  Barracks Reactor  
  29  2:47  SCV  
  30  2:54  Supply Depot  
  30  2:59  SCV  
  30  3:03  Starport  
  31  3:15  SCV  
  31  3:17  Factory Tech Lab  
  30  3:24  Marine x2  
  32  3:27  SCV  
  33  3:40  Orbital Command, SCV  
  34  3:41  Marine  
  34  3:42  Marine  
  34  3:46  Raven  
  34  3:47  Factory Tech Lab  
  38  3:52  SCV  
  39  3:59  Engineering Bay, Marine x2  
  41  4:06  Siege Tank, SCV x2  
  46  4:12  Supply Depot  
  46  4:17  Marine x2  
  46  4:19  SCV x2  
  50  4:31  SCV x2  
  50  4:36  Starport Reactor  
  50  4:37  Barracks  
  50  4:38  Barracks  
  52  4:41  Stimpack  
  52  4:43  Refinery  
  52  4:44  SCV x2  
  54  4:50  Supply Depot, Terran Infantry Weapons Level 1  
  54  4:53  Marine  
  54  4:56  SCV x2  
  57  5:02  Supply Depot  
  57  5:08  SCV  
  57  5:09  SCV  
  57  5:11  Marine  
  60  5:17  Supply Depot  
  60  5:19  Starport Reactor  
  60  5:20  SCV  
  60  5:21  SCV  
  62  5:25  Supply Depot, Marine x2  
  64  5:29  Marine  
  64  5:30  Siege Tank  
  64  5:32  Marine x2  
  64  5:33  SCV x2  
  72  5:41  Supply Depot  
  72  5:45  SCV x2  
  72  5:47  Marine x3  
  77  5:50  Marine x2  
  77  5:54  Medivac  
  77  5:55  Medivac  
  83  5:59  SCV x2  
  83  6:04  Supply Depot x2, Siege Tank  
  88  6:08  Marine  
  88  6:09  Marine x4  
  93  6:20  Command Center  
  93  6:25  Missile Turret  
  93  6:28  SCV x2  
  93  6:31  Refinery  
  95  6:42  SCV x2  
  95  6:44  Barracks  
  95  6:45  Barracks  
  97  6:47  Combat Shields  
  98  6:54  Marine x5, SCV x2  
  98  6:58  Terran Infantry Armor Level 1  
  98  7:01  Engineering Bay, Armory  
  101  7:06  SCV x2  
  103  7:10  Medivac x2  
  107  7:16  Siege Tank  
  107  7:18  SCV x2  
  107  7:22  Supply Depot  
  112  7:24  Marine x5  
  116  7:30  SCV x2  
  116  7:33  Orbital Command  
  116  7:34  Barracks Reactor  
  116  7:35  Barracks Reactor  
  117  7:42  SCV x2  
  117  7:45  Marine x5  
  117  7:49  Terran Infantry Weapons Level 2  
  122  7:54  SCV x2  
  123  7:59  Viking x2  
  123  8:01  Siege Tank  
  123  8:05  Refinery  
  130  8:06  Refinery, SCV  
  130  8:09  SCV x2  
  133  8:13  Supply Depot  
  133  8:17  Sensor Tower, Marine  
  133  8:18  Marine x3, SCV  
  137  8:23  Marine x5  
  140  8:35  Marine, Siege Tank  
  123  8:42  Marine x7  
  123  8:43  Marine  
  128  8:49  Viking x2  
  128  8:53  Marine  
  133  8:58  Terran Infantry Armor Level 2  
  133  8:59  Terran Vehicle Weapons Level 1  
  133  9:00  Marine x8  
  133  9:01  SCV x3  
  144  9:05  Supply Depot  
  143  9:10  Supply Depot  
  143  9:11  Supply Depot, Marine  
  143  9:13  Siege Tank  
  147  9:18  Marine  
  147  9:23  Command Center  
  148  9:26  Viking x2  
  148  9:28  Supply Depot x2  
  148  9:30  Marine x2  
  154  9:32  Factory, Supply Depot  
  154  9:35  SCV x2  
  154  9:37  SCV  
  154  9:38  Barracks Reactor  
  157  9:46  Marine x2  
  157  9:47  Marine x4  
  157  9:48  Marine x2, Siege Tank  
  168  9:53  Supply Depot  
  169  10:00  Viking x2  
  169  10:04  Marine x3  
  169  10:06  Terran Infantry Weapons Level 3  
  169  10:17  Marine x7, Siege Tank  
  179  10:22  Marine x2  
  178  10:31  Marine, Siege Tank  
  178  10:32  Barracks  
  178  10:33  Medivac x2, Barracks  
  178  10:35  Marine x5  
  186  10:40  Sensor Tower  
  189  10:44  Refinery  
  189  10:45  Refinery  
  189  10:49  Planetary Fortress, Siege Tank  
  190  10:51  Marine  
  190  10:52  Marine x4  
  190  10:53  Marine x5  
  188  11:09  Marine  
  188  11:15  Marine, Terran Vehicle And Ship Armor Level 1, Terran Infantry Armor Level 3  
  188  11:16  Marine x2  
  184  11:19  Viking  
  184  11:20  Viking, Barracks Reactor  
  184  11:21  Barracks Reactor, Marine x6  
  191  11:26  Marine  
  191  11:31  Siege Tank  
  195  11:33  Marine, Siege Tank  
  195  11:34  Missile Turret  
  199  11:40  Marine  
  200  11:49  Starport  
  200  11:50  Starport  
  195  12:05  Siege Tank  
  195  12:06  Marine x8, Siege Tank  
  195  12:08  Viking x2  
  178  12:19  Marine  
  178  12:20  Marine x5  
  184  12:24  Marine x2  
  181  12:33  Starport Tech Lab  
  181  12:34  Starport Tech Lab  
  181  12:37  Marine  
  181  12:38  Marine x6  
  181  12:39  Siege Tank x2  
  192  12:50  Marine  
  187  13:01  Medivac x2, Raven x2  
  187  13:02  Corvid Reactor  
  187  13:03  Marine x5  
  200  13:09  Command Center  
  189  13:41  Marine  
  189  13:42  Marine x11  
  189  13:43  Raven, Siege Tank x2  
  189  13:44  Medivac x2, Raven, Marine x2  
  179  13:59  Marine x4  
  179  14:00  Marine x2  
  174  14:03  Marine x8  
  182  14:14  Viking x2  
  182  14:16  Command Center  
  186  14:17  Marine x2  
  188  14:28  Marine  
Show
View Real Time Build Order
Export as new Build Order

Bunny Terran 

Build Orders: Cyclone Opening, Gas First Reaper Expand, Reaper Expand, Bio Tank 

Get SALT Encoding   

  12  0:00  SCV  
  13  0:13  SCV  
  14  0:17  Supply Depot  
  14  0:25  SCV  
  15  0:29  Refinery  
  15  0:39  SCV  
  16  0:45  Barracks  
  16  0:51  SCV  
  17  1:03  SCV  
  18  1:15  SCV  
  19  1:32  Orbital Command, Reaper  
  20  1:42  Command Center  
  20  1:52  Factory  
  20  1:58  SCV  
  21  2:07  Barracks Reactor, Supply Depot  
  21  2:10  SCV  
  21  2:14  Refinery  
  22  2:22  SCV  
  23  2:34  SCV  
  24  2:42  Cyclone  
  24  2:43  Marine x2  
  29  2:46  SCV  
  30  2:57  Orbital Command  
  30  2:58  SCV  
  30  3:00  Starport  
  30  3:04  Marine x2  
  33  3:12  SCV  
  32  3:22  Marine x2, Factory Tech Lab  
  32  3:24  SCV x2  
  36  3:36  SCV x2  
  36  3:38  Supply Depot  
  36  3:40  Marine x2  
  40  3:48  Raven, Factory Tech Lab  
  42  3:51  Bunker  
  42  3:52  SCV x2  
  44  4:04  SCV x2  
  44  4:08  Barracks Tech Lab, Barracks  
  44  4:09  Refinery  
  46  4:10  Barracks  
  46  4:16  Siege Tank  
  49  4:21  Supply Depot  
  49  4:23  SCV x2  
  51  4:28  Engineering Bay  
  51  4:29  Marine  
  52  4:34  Stimpack  
  52  4:36  SCV x2  
  54  4:45  Starport Reactor  
  54  4:46  Refinery  
  54  4:48  SCV x2  
  54  4:50  Supply Depot  
  54  4:51  Marine  
  57  4:55  Siege Tank  
  60  5:00  SCV x2  
  60  5:01  Barracks Reactor  
  62  5:11  Marine x3  
  62  5:12  SCV x2, Terran Infantry Weapons Level 1  
  62  5:13  Supply Depot  
  67  5:16  Supply Depot  
  67  5:24  SCV x2  
  69  5:29  Marine  
  69  5:35  Medivac x2, Marine x2  
  76  5:41  Marine x2  
  78  5:43  Supply Depot  
  78  5:45  Siege Tank  
  78  5:47  Marine  
  78  5:49  Supply Depot  
  82  5:52  Marine x2  
  82  5:56  SCV x2  
  86  6:00  Supply Depot  
  86  6:05  Medivac x2, Marine x3  
  86  6:10  Marine  
  94  6:15  Marine  
  94  6:18  Siege Tank  
  98  6:22  Marine x3  
  101  6:26  Command Center  
  101  6:28  Marine  
  102  6:32  Supply Depot  
  102  6:35  Combat Shields  
  102  6:36  Medivac  
  102  6:38  Marine  
  105  6:42  Medivac  
  105  6:43  Marine x2  
  105  6:44  Marine  
  110  6:50  Supply Depot  
  110  6:54  Siege Tank  
  110  7:00  SCV x2  
  111  7:05  Barracks  
  111  7:06  Barracks  
  110  7:09  Marine x3  
  110  7:13  Marine  
  110  7:14  Marine  
  115  7:20  Supply Depot  
  115  7:22  Terran Infantry Armor Level 1  
  115  7:25  Supply Depot  
  115  7:27  Marine  
  115  7:29  Siege Tank  
  119  7:35  Medivac  
  119  7:36  Medivac  
  113  7:38  Marine x4  
  113  7:43  Orbital Command  
  116  7:46  SCV x2  
  116  7:49  Marine  
  119  7:58  Marine  
  119  7:59  Barracks Reactor, Marine x2  
  119  8:00  Barracks Reactor  
  119  8:04  Marine  
  123  8:06  Siege Tank  
  123  8:07  Marine  
  123  8:11  SCV  
  130  8:16  Marine x3  
  130  8:17  Engineering Bay  
  130  8:18  Medivac, Armory  
  133  8:22  Marine  
  133  8:23  SCV  
  133  8:24  Medivac, Marine  
  136  8:34  Marine  
  136  8:41  Siege Tank  
  115  8:44  Marine x4  
  115  8:45  Marine x2  
  115  8:46  Marine x2  
  115  8:48  Viking  
  117  8:52  Marine  
  117  8:54  SCV  
  117  9:02  Marine x5  
  117  9:06  Terran Infantry Weapons Level 2, SCV  
  117  9:08  Marine  
  117  9:09  Marine x2  
  125  9:10  Marine  
  125  9:14  Medivac  
  128  9:17  Command Center  
  128  9:18  Medivac, SCV  
  128  9:20  Marine x4  
  128  9:21  Marine  
  136  9:24  Siege Tank  
  136  9:26  Marine x2  
  136  9:30  SCV  
  142  9:31  SCV x2  
  142  9:33  Marine x2  
  142  9:38  Marine x2  
  147  9:39  Marine x3  
  147  9:40  Terran Infantry Armor Level 2  
  147  9:42  SCV  
  147  9:43  SCV  
  147  9:44  Marine  
  154  9:56  Marine x4  
  157  10:01  Supply Depot  
  157  10:02  Supply Depot x3  
  157  10:04  Terran Vehicle Weapons Level 1  
  157  10:14  Supply Depot x2  
  157  10:17  Barracks  
  157  10:20  Barracks  
  157  10:22  Marine  
  157  10:23  Viking x2, Marine x2, SCV  
  157  10:25  Refinery x2  
  164  10:29  Marine  
  164  10:30  Marine x4  
  164  10:35  Siege Tank, SCV  
  172  10:43  Marine  
  172  10:44  Marine x2  
  172  10:47  SCV  
  176  10:53  Viking  
  177  10:58  Viking  
  168  11:06  Marine x4  
  172  11:16  Orbital Command  
  172  11:23  Viking, Terran Infantry Weapons Level 3  
  173  11:28  Viking  
  173  11:30  Marine x6  
  173  11:31  Barracks Reactor x2  
  178  11:42  Marine  
  178  11:43  Marine x2  
  179  11:47  Marine  
  179  11:48  Marine  
  179  11:51  Liberator x2  
  181  11:55  Marine  
  181  11:56  Marine x3  
  181  12:00  Marine x3  
  186  12:05  Marine  
  186  12:06  Marine  
  157  12:10  Marine  
  157  12:11  Marine x3  
  157  12:13  Marine  
  157  12:15  Marine x3  
  163  12:18  Marine x2  
  163  12:25  Marine x3  
  163  12:28  Marine  
  163  12:29  Siege Tank  
  167  12:34  Marine x7  
  167  12:36  Marine x2  
  176  12:37  SCV  
  176  12:43  Marine x3  
  180  12:46  Marine  
  180  12:49  SCV  
  175  12:51  Marine  
  175  12:52  Marine x6  
  175  12:54  Marine x2  
  173  13:01  Marine x3, Siege Tank  
  173  13:04  Marine  
  180  13:08  Medivac  
  180  13:09  Marine x2  
  180  13:10  Marine x5  
  180  13:11  Marine  
  180  13:12  Marine  
  190  13:19  Marine x3  
  193  13:22  Marine  
  185  13:27  Marine x6  
  185  13:29  Marine x3  
  175  13:36  Marine  
  175  13:37  Marine x2  
  175  13:39  Marine  
  175  13:45  Marine x6  
  175  13:46  Marine  
  175  13:47  Marine  
  137  13:50  Marine  
  137  13:51  Siege Tank  
  137  13:54  Marine x2  
  123  14:00  Orbital Command  
  120  14:03  Orbital Command  
  120  14:04  Marine x4  
  120  14:08  Marine  
  125  14:21  Marine x2  
  127  14:28  Marine  
Tags
 
Add a new tag
Caveats
  • Supply blocks, unpowered buildings, or Contaminate may cause inaccurate times.
  • Supply counts are checked every 10 seconds.